 Dungeon Crawl Stone Soup version 0.30-a0-123-g91d0c66ccf (webtiles) character file.

Game seed: 3037185906009703963

2786 Newt the Chopper (level 9, -4/69 HPs)
             Began as a Demonspawn Gladiator on Sept 17, 2022.
             Was a Believer of Qazlal.
             Slain by an orc warrior
             ... wielding a +0 war axe
              (7 damage)
             ... on level 8 of the Dungeon.
             The game lasted 00:08:39 (6895 turns).

Newt the Chopper (Demonspawn Gladiator)             Turns: 6895, Time: 00:08:40

Health: -4/69      AC:  9    Str: 19    XL:     9   Next: 43%
Magic:  9/9        EV: 12    Int: 10    God:    Qazlal [**....]
Gold:   321        SH:  2    Dex: 20    Spells: 8/8 levels left

rFire   . . .      SeeInvis +    y - +0 executioner's axe (flame)
rCold   . . .      Faith    +    (shield currently unavailable)
rNeg    . . .      Spirit   .    B - +0 scale mail
rPois   +          Reflect  .    (helmet unavailable)
rElec   .          Harm     .    (no cloak)
rCorr   .          Rampage  .    F - +0 pair of gloves
Will    .....                    D - +0 pair of boots
Stlth   +.........               C - amulet of faith
HPRegen 1.21/turn                j - +6 ring of dexterity
MPRegen 0.11/turn                m - ring of poison resistance

@: no status effects
A: antennae 3, powered by death 2, spiny 3
a: Renounce Religion, Upheaval


You were on level 8 of the Dungeon.
You worshipped Qazlal.
Qazlal was pleased with you.
You visited 1 branch of the dungeon, and saw 8 of its levels.

You collected 441 gold pieces.
You spent 120 gold pieces at shops.

Inventory:

Hand Weapons
 a - a +0 rapier
 q - a +0 dagger of protection
 y - a +0 executioner's axe of flaming (weapon)
Missiles
 d - 3 throwing nets (quivered)
 e - 6 javelins
 w - 3 boomerangs
Armour
 b - a +0 leather armour
 c - a +0 helmet
 B - a +0 scale mail (worn)
 D - a +0 pair of boots (worn)
 F - a +0 pair of gloves (worn)
Jewellery
 g - a ring of ice
 j - a +6 ring of dexterity (left hand)
 m - a ring of poison resistance (right hand)
 r - a ring of ice
 v - an amulet of regeneration
 C - an amulet of faith (around neck)
 G - an amulet of the acrobat
Wands
 k - a wand of charming (12)
Scrolls
 f - 4 scrolls of fear
 n - 2 scrolls of enchant armour
 o - 2 scrolls of blinking
 p - 4 scrolls of teleportation
 x - a scroll of butterflies
 z - 3 scrolls of brand weapon
 A - a scroll of poison {unknown}
 E - a scroll of torment
 I - 2 scrolls of identify
Potions
 h - 4 potions of might
 i - 2 potions of berserk rage
 l - 2 potions of flight
 s - a potion of attraction
 t - a potion of heal wounds
 u - a potion of lignification
 H - a potion of resistance {unknown}


   Skills:
 - Level 6.0 Fighting
 - Level 4.0 Short Blades
 + Level 6.4 Axes
 - Level 1.7 Throwing
 - Level 5.0 Armour
 - Level 4.0 Dodging
 - Level 2.0 Stealth
 - Level 5.0 Evocations


You had 8 spell levels left.
You didn't know any spells.
Your spell library contained the following spells:

 Spells                   Type           Power      Damage    Failure   Level
 Foxfire                  Conj/Fire      0%         2x1d4     71%         1
 Magic Dart               Conj           0%         1d3       71%         1
 Call Imp                 Summ           0%         N/A       85%         2
 Inner Flame              Hex/Fire       0%         N/A       97%         3
 Kindle Blastsparks       Fire/Tloc/Air  0%         2d10      97%         3
 Mephitic Cloud           Conj/Pois/Air  0%         N/A       97%         3
 Summon Guardian Golem    Hex/Summ       0%         N/A       97%         3
 Flame Wave               Conj/Fire      0%         2d4       100%        4
 Orb of Destruction       Conj           0%         9d5       100%        7
 Spellforged Servitor     Conj/Summ      0%         N/A       100%        7


Dungeon Overview and Level Annotations

Branches:
Dungeon (8/15)             Temple (0/1) D:5
   Lair: D:8-11

Altars:
Cheibriados
Gozag
Hepliaklqana
Nemelex Xobeh
Qazlal
Sif Muna
Xom

Shops:
D:4 *


Innate Abilities, Weirdness & Mutations

You have a pair of large antennae on your head. (SInv)
You regenerate health from kills.
You are completely covered in sharp spines.


Message History

The orc warrior is struck by your spines.
The orc warrior barely misses you.
The orc wizard is struck by your spines.
The orc wizard hits you with a +0 dagger.
You closely miss the orc warrior.
The orc warrior is heavily wounded.
You hit the orc wizard but do no damage.
The orc warrior is struck by your spines.
The orc warrior hits you with a +0 war axe!
The orc wizard mumbles some strange words.
The orc wizard flickers and vanishes for a moment.
The orc priest invokes the aid of Beogh against you.
Beogh smites you!
You are too injured to fight recklessly!
You are too injured to fight recklessly!
You are too injured to fight recklessly!
Unknown command.
You slash the orc wizard! You burn the orc wizard.
You kill the orc wizard!
Qazlal accepts your kill.
You hit the orc warrior. You burn the orc warrior.
The orc warrior hits you with a +0 war axe!
The orc warrior barely misses you.
Unknown command.
You closely miss the orc priest. You hit the orc. You burn the orc.
You closely miss the orc warrior.
The orc warrior hits you with a +0 war axe.
* * * LOW HITPOINT WARNING * * *
The orc priest hits you with a +0 flail.
* * * LOW HITPOINT WARNING * * *
The orc is struck by your spines.
You kill the orc!
Qazlal accepts your kill.
You closely miss the orc priest. You barely miss the orc warrior.
The orc warrior hits you with a +0 war axe!
* * * LOW HITPOINT WARNING * * *
The orc priest completely misses you.
The orc warrior is struck by your spines.
The orc warrior hits you with a +0 war axe!
You die...

########################
#.....☼.'.....#.........
#.....o@#.....#.........
#.....)o#.....#.........
#.......##....#####'####
#.......##....##.......#
#.......##....##........
#.......#.........[.....
#.......#.....>.........
#.......#.....##........
........##+#######


You could see an orc warrior and an orc priest.

Vanquished Creatures
  2 water moccasins
  An orc warrior (D:7)
  3 ice beasts
  A sky beast (D:7)
  A centaur (D:7)
  2 phantoms
  4 bullfrogs
  2 necrophages (D:6)
  3 scorpions
  8 wights (D:8)
  A water moccasin skeleton (D:4)
  2 howler monkeys (D:7)
  A bullfrog zombie (D:4)
  2 hounds
  2 orc priests (D:8)
  A gnoll bouda (D:6)
  3 iguanas
  7 orc wizards
  A hound skeleton (D:4)
  A howler monkey zombie (D:4)
  3 gnolls (D:6)
  6 adders
  A shadow imp (D:4)
  5 white imps
  An ufetubus (D:4)
  An adder zombie (D:4)
  An adder skeleton (D:4)
  3 worms
  3 dart slugs
  31 orcs
  9 endoplasms
  3 giant cockroaches
  12 goblins
  9 hobgoblins
  2 jackals (D:5)
  11 kobolds
  4 quokkas
  3 ball pythons
  2 bats
  2 frilled lizards (D:3)
  3 rats
163 creatures vanquished.

Vanquished Creatures (others)
  An orc wizard (D:8)
  3 plants (D:3)
  3 withered plants (D:4)
7 creatures vanquished.

Grand Total: 170 creatures vanquished

Notes
Turn   | Place    | Note
-------+----------+-------------------------------------------
     0 | D:1      | Newt the Demonspawn Gladiator began the quest for the Orb.
     0 | D:1      | Reached XP level 1. HP: 16/16 MP: 1/1
   108 | D:1      | Reached skill level 1 in Stealth
   297 | D:1      | Gained mutation: You are partially covered in sharp spines.
                  | [demonic ancestry]
   297 | D:1      | Reached XP level 2. HP: 21/22 MP: 2/2
   819 | D:1      | Gained mutation: You regenerate a little health from kills.
                  | [demonic ancestry]
   819 | D:1      | Reached XP level 3. HP: 28/28 MP: 3/3
  1543 | D:2      | Gained mutation: You regenerate health from kills. [demonic
                  | ancestry]
  1543 | D:2      | Reached XP level 4. HP: 37/37 MP: 4/4
  1569 | D:2      | Found a faded altar of an unknown god.
  1764 | D:3      | Found a snail-covered altar of Cheibriados.
  2292 | D:3      | Found a shimmering altar of Xom.
  2415 | D:4      | Discovered your monstrous ancestry.
  2415 | D:4      | Gained mutation: You have a pair of small antennae on your
                  | head. [demonic ancestry]
  2415 | D:4      | Reached XP level 5. HP: 42/42 MP: 5/5
  3056 | D:4      | Found Duxinueq's Mass Market.
  3069 | D:4      | Bought a +0 executioner's axe for 120 gold pieces
  3080 | D:4      | Noticed a phantom
  3090 | D:4      | Killed a phantom
  3091 | D:4      | Reached skill level 1 in Axes
  3091 | D:4      | Gained mutation: You are mostly covered in sharp spines.
                  | [demonic ancestry]
  3091 | D:4      | Reached XP level 6. HP: 11/48 MP: 6/6
  3434 | D:5      | Entered Level 5 of the Dungeon
  3571 | D:5      | Found a staircase to the Ecumenical Temple.
  3924 | D:5      | Found a shimmering blue altar of Sif Muna.
  4060 | D:5      | Gained mutation: You are completely covered in sharp
                  | spines. [demonic ancestry]
  4060 | D:5      | Reached XP level 7. HP: 41/54 MP: 7/7
  4166 | D:6      | Identified the +0 robe "Qukken" {rC+}
  4244 | D:6      | Found a stormy altar of Qazlal.
  4354 | D:6      | Reached skill level 5 in Axes
  4367 | D:6      | Reached skill level 1 in Armour
  4528 | D:6      | Found a hazy altar of Hepliaklqana.
  4678 | D:6      | Became a worshipper of Qazlal Stormbringer
  4796 | D:6      | Gained mutation: You have a pair of antennae on your head.
                  | [demonic ancestry]
  4796 | D:6      | Reached XP level 8. HP: 46/60 MP: 8/8
  4868 | D:6      | Found an opulent altar of Gozag.
  5449 | D:7      | Found a sparkling altar of Nemelex Xobeh.
  5496 | D:7      | Reached skill level 5 in Armour
  6025 | D:7      | Reached skill level 5 in Evocations
  6242 | D:7      | Gained mutation: You have a pair of large antennae on your
                  | head. (SInv) [demonic ancestry]
  6242 | D:7      | Reached XP level 9. HP: 47/67 MP: 9/9
  6304 | D:7      | Reached * piety under Qazlal
  6479 | D:7      | Reached skill level 5 in Fighting
  6764 | D:8      | Reached ** piety under Qazlal
  6895 | D:8      | HP: 3/69 [orc warrior/+0 war axe (12)]
  6895 | D:8      | Slain by an orc warrior

Illustrated notes

Levels and vault maps discovered:
D:1:      dpeg_arrival_stone_temple_mockup, layout_basic, minmay_cut_off
D:2:      layout_rooms, ebering_ecumenical_altar_abandoned,
          chequers_serial_rivers_large_b, chequers_avenue
D:3:      layout_loops_cross, lemuel_coloured_pillars_altar,
          mainiacjoe_overflow_chevrons, mainiacjoe_overflow_cross_hatched,
          kennysheep_generic_room_11
D:4:      layout_loops_ring, serial_undead, serial_undead_b, serial_undead_b,
          serial_undead_b, serial_undead_d, minmay_shop_mass
D:5:      layout_basic, lemuel_blue_sif_altar, temple_doors_e,
          minmay_misc_feat_more_columns, dk_noncrumbling_3,
          kennysheep_generic_room_13
D:6:      layout_rooms, nicolae_hepliaklqana_hippocampus,
          nicolae_gozag_cash_rules_everything_around_me,
          mainiacjoe_overflow_concentric_impassable
D:7:      layout_loops_corners, mainiacjoe_overflow_tiny_flanked,
          hangedman_decor_riveting, minivault_26
D:8:      layout_gridville, corexii_leaking_fountain

Skill      XL: |  1  2  3  4  5  6  7  8  9 |
---------------+----------------------------+-----
Stealth        | 1 2 |  2.0
Fighting       | 3 4 6 |  6.0
Short Blades   | 3 4 |  4.0
Dodging        | 4 |  4.0
Axes           | 1 3 5 6 |  6.4
Armour         | 3 5 |  5.0
Evocations     | 5 |  5.0
Throwing       | |  1.7

Action                   |  1- 3 |  4- 6 |  7- 9 || total
-------------------------+-------+-------+-------++-------
Melee: Rapier            |    89 |    24 |       ||   113
       Dagger            |       |   104 |       ||   104
       Punch             |       |     1 |       ||     1
       Executioner's axe |       |    31 |   120 ||   151
  Use: Scroll            |     3 |     5 |     5 ||    13
       Potion            |     1 |       |     2 ||     3
 Stab: Sleeping          |     5 |     5 |     1 ||    11
Armor: Leather armour    |    16 |    36 |       ||    52
       Scale mail        |       |     4 |    53 ||    57
Dodge: Dodged            |    50 |    89 |    82 ||   221
Block: Other             |       |       |     5 ||     5

Table legend: (Time is in decaauts)
 A = Elapsed time spent in this place.
 B = Non-inter-level travel time spent in this place.
 C = Inter-level travel time spent in this place.
 D = Time resting spent in this place.
 E = Time spent auto-exploring this place.
 F = Levels seen in this place.
 G = Mean time per level.
                   A        B        C        D        E       F      G
               +--------+--------+--------+--------+--------+-----+--------+
         Total |   7010 |   6689 |    321 |    878 |   4786 |   8 |  876.2 |
       Dungeon |   7010 |   6689 |    321 |    878 |   4786 |   8 |  876.2 |
               +--------+--------+--------+--------+--------+-----+--------+

Top non-repeatable levels by time:
     D:7: 1611 daAuts
     D:1: 1125 daAuts
     D:4: 1050 daAuts
     D:6: 835 daAuts
     D:5: 733 daAuts
     D:3: 709 daAuts
     D:2: 572 daAuts
     D:8: 372 daAuts
